 Dungeon Crawl Stone Soup version 0.27-a0-633-gc6addc0a40 (webtiles) character file.

Game seed: 18147908577092490514

256 jestyr24 the Digger (level 6, 0/35 HPs)
             Began as a Gargoyle Earth Elementalist on Mar 14, 2021.
             Was an Initiate of Vehumet.
             Slain by an iguana (7 damage)
             ... on level 4 of the Dungeon.
             The game lasted 00:13:20 (4677 turns).

jestyr24 the Digger (Gargoyle Earth Elementalist)   Turns: 4677, Time: 00:13:21

Health: 0/35       AC: 10    Str: 11    XL:     6   Next: 16%
Magic:  8/11       EV: 11    Int: 18    God:    Vehumet [......]
Gold:   165        SH:  3    Dex: 10    Spells: 8/11 levels left

rFire    . . .     SeeInvis .   e - +0 hand axe
rCold    . . .     Faith    .   x - +0 buckler
rNeg     + . .     Spirit   .   c - +0 robe
rPois    ∞         Reflect  .   (no helmet)
rElec    +         Harm     .   (no cloak)
rCorr    .         Rampage  .   (no gloves)
Will     .....                  (no boots)
Stlth    ++........             (no amulet)
HPRegen  0.11/turn              n - +4 ring of protection
MPRegen  0.12/turn              (no ring)

@: no status effects
A: AC +4, negative energy resistance 1, electricity resistance, torment
resistance 1, unbreathing 1, petrification resistance
a: Renounce Religion


You were on level 4 of the Dungeon.
You worshipped Vehumet.
Vehumet was noncommittal.
You visited 1 branch of the dungeon, and saw 4 of its levels.

You collected 165 gold pieces.

Inventory:

Hand Weapons
 e - a +0 hand axe (weapon)
 h - a +0 dagger
 r - a +0 halberd
Missiles
 b - 67 stones
 m - 2 throwing nets
 q - 3 boomerangs
Armour
 c - a +0 robe (worn)
 u - a +0 tower shield
 x - a +0 buckler (worn)
Magical Staves
 p - a staff of fire
Jewellery
 n - a +4 ring of protection (right hand)
 w - a +6 ring of strength
Scrolls
 d - 3 scrolls of noise {unknown}
 g - 2 scrolls of fear {unknown}
 i - a scroll of fog {unknown}
 j - a scroll of enchant armour {unknown}
 l - 3 scrolls of magic mapping {unknown}
 t - a scroll of identify {unknown}
Potions
 a - a potion of mutation {unknown}
 f - a potion of berserk rage {unknown}
 k - 2 potions of heal wounds {unknown}
 o - 2 potions of flight {unknown}
 s - 2 potions of lignification {unknown}
 v - a potion of cancellation {unknown}


   Skills:
 + Level 2.3 Fighting
 - Level 1.7 Dodging
 + Level 3.5 Stealth
 + Level 3.4 Spellcasting
 + Level 0.7 Transmutations
 + Level 5.6 Earth Magic


You had 8 spell levels left.
You knew the following spells:

 Your Spells              Type           Power      Damage    Failure   Level
a - Sandblast             Erth           46%        2d11      2%          1
b - Passwall              Tmut/Erth      11%        N/A       11%         2

Your spell library contained the following spells:

 Spells                   Type           Power      Damage    Failure   Level
 Stone Arrow              Conj/Erth      26%        3d8       24%         3
 Petrify                  Tmut/Erth      14%        N/A       56%         4
 Lee's Rapid Deconstruct  Erth           11%        3d9*      56%         5


Dungeon Overview and Level Annotations

Branches:
Dungeon (4/15)
 Temple: D:4-7

Altars:
Qazlal
Vehumet


Innate Abilities, Weirdness & Mutations

Your stone body is resilient. (AC +4)
You are immune to poison.
You resist negative energy. (rN+)
You are resistant to electric shocks. (rElec)
You are resistant to unholy torment.
You can survive without breathing.
You are immune to petrification.


Message History

Found a purple potion.
There is a stone staircase leading up here.
A quokka comes into view.
The iguana hisses angrily.
Found a falchion and a plate armour.
Casting: Sandblast (safe; 2% risk of failure)
Confirm with . or Enter, or press ? or * to list all spells.
Aiming: Sandblast (safe; 2% risk of failure)
Press: ? - help, Shift-Dir - straight line, f - iguana
Aim: an iguana (17% to evade)
The blast of sand hits the iguana!
The iguana is heavily wounded.
Unknown command.
Unknown command.
Unknown command.
Unknown command.
You closely miss the iguana.
The iguana is heavily wounded.
The iguana bites you!
You barely miss the iguana.
The iguana is heavily wounded.
The iguana bites you! x2
* * * LOW HITPOINT WARNING * * *
Casting: Sandblast (safe; 2% risk of failure)
Confirm with . or Enter, or press ? or * to list all spells.
Aiming: Sandblast (safe; 2% risk of failure)
Press: ? - help, Shift-Dir - straight line, f/p - iguana
Aim: an iguana (heavily wounded, 17% to evade)
The blast of sand hits the iguana.
The iguana is almost dead.
You block the iguana's attack.
Casting: Sandblast (safe; 2% risk of failure)
Confirm with . or Enter, or press ? or * to list all spells.
Aiming: Sandblast (safe; 2% risk of failure)
Press: ? - help, Shift-Dir - straight line, f/p - iguana
Aim: an iguana (almost dead, 17% to evade)
The blast of sand hits the iguana but does no damage.
The iguana is almost dead.
The quokka closely misses you. The iguana bites you!
You die...

.. .+ #.. ######.
#..#.....#
.##.#.....#
..........#
#.........#######
#...........
#<..........
#.^.@.......
#...rl......
#...........
#...........
#.......!...
#...........
............
[.......)....


You could see an iguana and a quokka.

Vanquished Creatures
  An ogre (D:2)
  A centaur zombie (D:3)
  4 gnolls (D:3)
  An adder (D:3)
  3 oozes (D:3)
  A worm (D:3)
  3 dart slugs
  A leopard gecko (D:1)
  A ball python (D:1)
  5 giant cockroaches
  7 hobgoblins
  3 jackals (D:1)
  3 quokkas
  6 bats
  3 frilled lizards
  12 goblins
  11 kobolds
  4 rats
70 creatures vanquished.

Vanquished Creatures (others)
  Sigmund (D:3)
1 creature vanquished.

Grand Total: 71 creatures vanquished

Notes
Turn   | Place    | Note
-------+----------+-------------------------------------------
     0 | D:1      | jestyr24 the Gargoyle Earth Elementalist began the quest
                  | for the Orb.
     0 | D:1      | Reached XP level 1. HP: 10/10 MP: 3/3
   308 | D:1      | Reached XP level 2. HP: 12/15 MP: 5/5
   315 | D:1      | Reached skill level 4 in Earth Magic
   979 | D:1      | Reached XP level 3. HP: 11/19 MP: 1/6
  1755 | D:2      | Found a stormy altar of Qazlal.
  1771 | D:2      | Learned a level 2 spell: Passwall
  1847 | D:2      | Found a faded altar of an unknown god.
  2308 | D:2      | Noticed an ogre
  2313 | D:2      | Killed an ogre
  2314 | D:2      | Reached skill level 1 in Fighting
  2314 | D:2      | Reached skill level 5 in Earth Magic
  2314 | D:2      | Reached XP level 4. HP: 26/26 MP: 2/8
  2314 | D:2      | Reached XP level 5. HP: 30/30 MP: 2/9
  2971 | D:3      | Killed Sigmund
  3350 | D:3      | Found a radiant altar of Vehumet.
  3732 | D:3      | Became a worshipper of Vehumet
  3969 | D:3      | Reached XP level 6. HP: 20/35 MP: 8/11
  4677 | D:4      | Slain by an iguana

Illustrated notes

Levels and vault maps discovered:
D:1:      lightli_arrival_flooded_house, layout_loops_ring, minmay_tall_x
D:2:      layout_basic, nicolae_qazlal_eye_of_the_storm,
          chequers_ecumenical_altar_simple_redux
D:3:      layout_loops_ring, fiery_altar_vehumet, minmay_misc_feat_rugged,
          uniq_sigmund
D:4:      layout_basic, cheibriados_altar_2, minmay_temple_entry_waves

Skill      XL: |  1  2  3  4  5 |
---------------+----------------+-----
Earth Magic    | 4 5 |  5.6
Fighting       | 1 2 |  2.3
Stealth        | 3 |  3.5
Spellcasting   | 3 |  3.4
Dodging        | |  1.7
Transmutations | |  0.7

Action                   |  1- 3 |  4- 6 || total
-------------------------+-------+-------++-------
Melee: Unarmed           |    33 |       ||    33
       Hand axe          |   131 |   119 ||   250
 Cast: Sandblast         |    13 |    18 ||    31
 Stab: Sleeping          |       |     3 ||     3
Armor: Robe              |    80 |    51 ||   131
Dodge: Dodged            |   139 |    89 ||   228
Block: Buckler           |       |     1 ||     1

Table legend: (Time is in decaauts)
 A = Elapsed time spent in this place.
 B = Non-inter-level travel time spent in this place.
 C = Inter-level travel time spent in this place.
 D = Time resting spent in this place.
 E = Time spent auto-exploring this place.
 F = Levels seen in this place.
 G = Mean time per level.
                   A        B        C        D        E       F      G
               +--------+--------+--------+--------+--------+-----+--------+
         Total |   4751 |   4580 |    171 |   1670 |   1971 |   4 | 1187.8 |
       Dungeon |   4751 |   4580 |    171 |   1670 |   1971 |   4 | 1187.8 |
               +--------+--------+--------+--------+--------+-----+--------+

Top non-repeatable levels by time:
     D:3: 1887 daAuts
     D:1: 1706 daAuts
     D:2: 1149 daAuts
     D:4: 8 daAuts
